 Dungeon Crawl Stone Soup version 0.20-a0-903-g7e3609c (webtiles) character file.

36 Alarkh the Caller (level 3, -2/24 HPs)
             Began as a Mummy Summoner on Mar 20, 2017.
             Slain by an adder (5 damage)
             ... on level 2 of the Dungeon.
             The game lasted 00:02:22 (2854 turns).

Alarkh the Caller (Mummy Summoner)                  Turns: 2854, Time: 00:02:23

Health: -2/24      AC:  2    Str: 11    XL:     3   Next: 19%
Magic:  0/7        EV: 12    Int: 15    God:
Gold:   30         SH:  0    Dex: 12    Spells: 7/8 levels left

rFire    x . .     SeeInvis .   e - +0 dagger
rCold    + . .     Gourm    .   a - +0 robe
rNeg     + + +     Faith    .   (no shield)
rPois    ∞         Spirit   .   (no helmet)
rElec    .         Reflect  .   (no cloak)
rCorr    .         Harm     .   (no gloves)
MR       .....                  (no boots)
Stlth    ++........             (no amulet)
Regen    0.1/turn               (no ring)
MPRegen  0.1/turn               (no ring)

@: no status effects
A: no food or potions, fire vulnerability, cold resistance 1, negative energy
resistance 3, torment resistance, unbreathing
a: no special abilities


You were on level 2 of the Dungeon.
You were not hungry.

You visited 1 branch of the dungeon, and saw 2 of its levels.

You collected 30 gold pieces.

Inventory:

Hand Weapons
 e - a +0 dagger (weapon)
Armour
 a - a +0 robe (worn)
Scrolls
 c - a scroll of noise {unknown}
 d - a scroll of amnesia {unknown}
 f - 3 scrolls of fog {unknown}
Books
 b - a book of Callings

   Spells                             Type                      Level
   a - Summon Small Mammal            Summoning                    1
   b - Call Imp                       Summoning                    2
   c - Call Canine Familiar           Summoning                    3
   d - Summon Guardian Golem          Hexes/Summoning              3
   e - Summon Lightning Spire         Summoning/Air                4
   f - Summon Ice Beast               Ice/Summoning                4


   Skills:
 - Level 1.5 Dodging
 - Level 1.5 Stealth
 + Level 3.4 Spellcasting
 * Level 3.9 Summonings


You had 7 spell levels left.
You knew the following spells:

 Your Spells              Type           Power        Failure   Level  Hunger
a - Summon Small Mammal   Summ           ##..         4%          1    N/A

Dungeon Overview and Level Annotations

Branches:
Dungeon (2/15)

Altars:

Annotations:
D:2 Terence


Innate Abilities, Weirdness & Mutations

You do not eat or drink.
Your flesh is vulnerable to fire.
You are immune to poison.
Your flesh is cold resistant. (rC+)
You are immune to negative energy. (rN+++)
You are immune to unholy pain and torment.
You can survive without breathing.


Message History

Terence hits your quokka with a mace of pain!
Your quokka dies!
Your quokka's corpse disappears in a puff of smoke!
Terence shouts!
Casting: Summon Small Mammal
Confirm with . or Enter, or press ? or * to list all spells.
Unknown command.
You swap places.
Your bat hits Terence but does no damage.
Your bat barely misses Terence.
An adder comes into view.
Your bat barely misses Terence.
Your bat hits Terence but does no damage.
You closely miss the adder. Your bat misses Terence. The adder bites you.
* * * LOW HITPOINT WARNING * * *
Terence hits your bat with a mace of pain.
Your bat dies!
Your bat's corpse disappears in a puff of smoke!
You miss the adder. The adder bites you.
You die...

.......## ##.## ##...#
........####...###########(.#.###
........'(.....)........()†<(...'
........####...###########...####
.......######.#### ##..# #.....##
#.......# ##.# ##...## #.##.##.#
... §##+## #.##...S# .##.
@##.######.#####@# .# #
§##.....##.#####§# ##
.##.....##......@#
.....g..########g#
........########.#
##..........g....#
##.....########## ##...## ##.##


You could see Terence, an adder and a goblin.

Vanquished Creatures
  An adder (D:2)
  A worm (D:2)
  A ball python (D:2)
  A goblin (D:1)
  A hobgoblin (D:2)
  4 bats
  2 kobolds (D:1)
  3 rats
14 creatures vanquished.

Vanquished Creatures (collateral kills)
  A worm (D:2)
  2 giant cockroaches
  5 goblins
  2 hobgoblins (D:2)
  2 kobolds
  3 rats
15 creatures vanquished.

Grand Total: 29 creatures vanquished

Notes
Turn   | Place    | Note
-------+----------+-------------------------------------------
     0 | D:1      | Alarkh the Mummy Summoner began the quest for the Orb.
     0 | D:1      | Reached XP level 1. HP: 13/13 MP: 4/4
   874 | D:1      | Reached XP level 2. HP: 19/19 MP: 6/6
  2458 | D:2      | Reached XP level 3. HP: 9/24 MP: 2/7
  2734 | D:2      | Noticed Terence
  2807 | D:2      | HP: 1/24 [Terence/mace of pain (10)]
  2854 | D:2      | Slain by an adder

Vault maps used:
D:1:      evilmike_arrival_hilbert_curve
D:2:      uniq_terence

Skill      XL: |  1 |
---------------+----+-----
Spellcasting   | 3 |  3.4
Dodging        | |  1.5
Stealth        | |  1.5
Summonings     | |  3.9

Action                   || total
-------------------------++-------
Melee: Unarmed           ||    12
       Dagger            ||    98
 Cast: Summon Small Mamm ||    54
 Stab: Sleeping          ||     2
Armor: Robe              ||    21
Dodge: Dodged            ||    93
